 Dungeon Crawl Stone Soup version 0.20-a0-454-g2b43fbb (webtiles) character file.

106138 HallandMoats the Fighter (level 15, -9/122 HPs)
             Began as a Demonspawn Fighter on Jan 9, 2017.
             Was the Champion of Makhleb.
             Mangled by an ice devil (22 damage)
             ... summoned by an obsidian statue
             ... in a volcano.
             The game lasted 01:14:44 (24271 turns).

HallandMoats the Fighter (Demonspawn Fighter)      Turns: 24271, Time: 01:14:45

Health: -9/122     AC: 24    Str: 20    XL:     15   Next: 96%
Magic:  0/23       EV: 15    Int:  9    God:    Makhleb [******]
Gold:   1466       SH:  6    Dex: 19    Spells: 13/14 levels left

rFire  + . .     SeeInvis .     a - +2 hand axe (venom)
rCold  . . .     Gourm    .     G - +1 chain mail {rF+}
rNeg   + . .     Faith    .     k - +0 buckler
rPois  +         Spirit   +     v - +1 hat
rElec  .         Reflect  .     P - +2 cloak
rCorr  +         Harm     .     Q - +0 pair of gloves
MR     +++..                    C - +0 pair of boots "Nekiabokk" {MR++ rCorr} (curse)
Stlth  +.........               d - amulet of regeneration
                                X - ring of positive energy
                                t - +3 ring of dexterity

@: very slightly contaminated, hasted, very quick
A: horns 2, slimy green scales 3, sense surroundings 1, spiny 2, magic shield
a: Minor Destruction, Lesser Servant of Makhleb, Major Destruction, Greater
Servant of Makhleb, Renounce Religion


You were in a volcano.
You worshipped Makhleb.
Makhleb was exalted by your worship.
You were hungry.

You visited 4 branches of the dungeon, and saw 23 of its levels.
You also visited: Labyrinth, Ossuary and Volcano.

You collected 1826 gold pieces.
You spent 360 gold pieces at shops.

Inventory:

Hand Weapons
 a - a +2 hand axe of venom (weapon)
 b - the +11 halberd of the Hero {chop, Int+4 Dex+2}
   (You found it on level 9 of the Dungeon)

   It inflicts extra damage upon your enemies.
   It affects your intelligence (+4).
   It affects your dexterity (+2).
 o - the +6 morningstar "Moucu" {drain, Fragile +Blink Int+7}
   (You found it on level 1 of the Lair of Beasts)

   A truly terrible weapon, it drains the life of those it strikes.
   It affects your intelligence (+7).
   It lets you blink.
   It will be destroyed if unequipped.
 B - a +4 scimitar of flaming
Armour
 k - a +0 buckler (worn)
 v - a +1 hat (worn)
 C - the cursed +0 pair of boots "Nekiabokk" (worn) {MR++ rCorr}
   (You bought it in a shop on level 14 of the Dungeon)

   It affects your resistance to hostile enchantments.
   It protects you from acid and corrosion.
   It has a curse placed upon it.
 G - a +1 chain mail of fire resistance (worn)
 J - the +1 scale mail "Tol Ami" {+Blink}
   (You found it on level 8 of the Dungeon)

   It lets you blink.
 P - a +2 cloak (worn)
 Q - a +0 pair of gloves (worn)
Jewellery
 d - an amulet of regeneration (around neck)
 t - a +3 ring of dexterity (left hand)
 w - a +3 ring of evasion {unknown}
 z - an uncursed ring of stealth
 F - an uncursed ring of protection from magic
 U - an uncursed ring of see invisible
 X - a ring of positive energy (right hand)
Wands
 c - a wand of digging (10/24)
 y - a wand of paralysis (5/24)
 K - a wand of iceblast (10/15)
 M - a wand of disintegration (15/24)
 O - a wand of lightning (7/15)
Scrolls
 e - 8 scrolls of remove curse
 h - 5 scrolls of teleportation
 j - a scroll of magic mapping
 m - 5 scrolls of fear
 p - 8 scrolls of amnesia
 r - 4 scrolls of enchant weapon
 s - 7 scrolls of recharging
 x - a scroll of fog
 E - 2 scrolls of blinking
 H - a scroll of enchant armour
Potions
 i - 4 potions of lignification
 q - a potion of cancellation
 u - 2 potions of ambrosia
 A - 2 potions of flight
 D - 2 potions of agility
 L - 3 potions of berserk rage
 S - a potion of curing
 T - a potion of might
Books
 g - a book of Cantrips

   Spells                             Type                      Level
   a - Confusing Touch                Hexes                        1
   b - Animate Skeleton               Necromancy                   1
   c - Summon Small Mammal            Summoning                    1
   d - Apportation                    Translocation                1
 l - a book of Clouds

   Spells                             Type                      Level
   a - Poisonous Vapours              Poison/Air                   2
   b - Mephitic Cloud                 Conjuration/Poison/Air       3
   c - Conjure Flame                  Conjuration/Fire             3
   d - Freezing Cloud                 Conjuration/Ice/Air          6
   e - Ring of Flames                 Charms/Fire                  7
 W - a book of Summonings

   Spells                             Type                      Level
   a - Recall                         Summoning/Translocation      3
   b - Aura of Abjuration             Summoning                    5
   c - Summon Demon                   Summoning                    5
   d - Summon Forest                  Summoning/Translocation      5
   e - Summon Mana Viper              Hexes/Summoning              5
   f - Shadow Creatures               Summoning                    6
 Y - a book of Changes

   Spells                             Type                      Level
   a - Beastly Appendage              Transmutation                1
   b - Sticks to Snakes               Transmutation                2
   c - Spider Form                    Transmutation/Poison         3
   d - Ice Form                       Ice/Transmutation            4
   e - Blade Hands                    Transmutation                5
Miscellaneous
 Z - a box of beasts
Comestibles
 f - 9 bread rations
 n - 11 slices of pizza
 I - 11 meat rations
 V - 14 fruits


   Skills:
 * Level 12.8 Fighting
 + Level 10.0(11.2) Axes
 * Level 8.7(10.7) Polearms
 * Level 11.9 Armour
 * Level 11.2 Dodging
 + Level 7.2 Stealth
 - Level 4.6 Shields
 * Level 10.9 Invocations
 + Level 7.8 Evocations


You had 13 spell levels left.
You knew the following spells:

 Your Spells              Type           Power        Failure   Level  Hunger
a - Magic Dart            Conj           #...         99%         1    ##.....


Dungeon Overview and Level Annotations

Branches:
Dungeon (15/15)            Temple (1/1) D:7            Lair (6/6) D:11
 Shoals (0/4) Lair:4       Spider (0/4) Lair:4        Slime (0/5) Lair:5
    Orc (1/2) D:12         Vaults (0/5) D:14         Depths (0/5) D:15

Altars:
Ashenzari
Cheibriados
Dithmenos
Elyvilon
Fedhas
Gozag
Hepliaklqana
Kikubaaqudgha
Makhleb
Nemelex Xobeh
Okawaru
Qazlal
Ru
Sif Muna
Trog
Uskayaw
Vehumet
Xom
Yredelemnul
Zin
The Shining One
Jiyva

Shops:
D:4 }   D:11 %   D:14 [

Portals:
Trove: D:11 (give +3 gold dragon scales)

Annotations:
Volcano exclusion: obsidian statue


Innate Abilities, Weirdness & Mutations

You have a pair of horns on your head.
You are completely covered in slimy green scales. (AC +4, rPois)
You are mostly covered in sharp spines.
When hurt, damage is shared between your health and your magic reserves.
You passively map a small area around you.


Message History

Really walk into a travel-excluded area?
You block the ice devil's attack. The orange demon stings you from afar.
* * * LOW HITPOINT WARNING * * *
You closely miss the ice devil. Your headbutt misses the ice devil.
Unknown command.
You barely miss the ice devil. Your headbutt misses the ice devil.
The ice devil is struck by your spines. The ice devil hits you.
* * * LOW HITPOINT WARNING * * *
The ice devil freezes you!
* * * LOW HITPOINT WARNING * * *
The orange demon barely misses you.
A hell hound comes into view.
You feel better.
The hell hound moves out of view.
The obsidian statue's eyes glow briefly.
You feel better.
The orange demon disappears in a puff of smoke!
The ice devil hits you.
* * * LOW HITPOINT WARNING * * *
The ice devil freezes you!!
You die...

##...## ##.##
##..# #..## ####
#'..###### *###*
#........## *
.8##########..#
*
,,4.#≈#≈#§#§##.#
, #5#≈#≈#§#§##.#
, #4#≈#≈#≈#≈#..#
, #@........#8#
, *#≈#≈#≈#≈#≈###
,, #≈#≈#§#§#§#
*#≈#≈#§#§#§#
###########


You could see an obsidian statue, a hellwing, an ice devil and a quasit.

Vanquished Creatures
  An acid blob (Lair:5)
  Gastronok (Lair:1)
  A very ugly thing (D:15)
  A minotaur (Lab)
  The ghost of Vinniefish the Grappler, a journeyman TrMo of Makhleb (Lair:2)
  A rakshasa (D:13)
  6 vault guards (D:14)
  Harold (D:11)
  Erolcha (D:13)
  4 catoblepae
  A death knight (D:15)
  6 hydras
  13 two-headed ogres
  2 centaur warriors
  7 death yaks
  2 ogre magi (D:15)
  Urug (D:12)
  A sun demon (Volcano)
  Nergalle (D:12)
  A fire crab (Lair:5)
  2 unseen horrors (D:15)
  A wizard (D:15)
  A phantasmal warrior (D:15)
  2 lindwurms
  Pikel (D:9)
  A wolf spider zombie (D:15)
  A deep elf mage (D:15)
  The ghost of araganzar the Slasher, a novice BaSk (D:6)
  An oklob plant (Lair:3)
  3 cyclopes
  9 ugly things
  2 manticores
  Maurice (D:8)
  15 elephants
  2 naga magi (D:15)
  Psyche (D:8)
  An ice statue (D:12)
  4 centaur zombies
  A torpor snail (Lair:5)
  3 black mambas
  4 gargoyles
  4 centaur skeletons
  11 spiny frogs
  A rime drake (Lair:4)
  4 freezing wraiths (D:15)
  2 efreet (D:14)
  10 komodo dragons
  A demonic crawler (Lair:4)
  A merfolk (Lair:4)
  6 hornets
  4 trolls
  4 polar bears
  6 hippogriffs
  8 blink frogs
  5 slime creatures (D:13)
  7 dream sheep
  2 shadows
  2 meliai zombies
  13 spriggans (Lair:6)
  2 redbacks (Lab)
  3 water elementals (D:12)
  2 centaur simulacra
  2 fire bats (Volcano)
  4 wyverns
  Grum (D:8)
  5 wraiths
  2 steam dragons
  37 yaks
  2 basilisks
  3 vampire mosquitoes (D:15)
  A warg (Orc:1)
  8 hungry ghosts
  15 water moccasins
  12 porcupines
  12 orc warriors
  3 sky beasts
  4 slaves (D:9)
  7 black bears
  2 eyes of draining
  8 ice beasts
  4 necrophages
  8 centaurs
  16 ogres
  28 wolves
  4 boggarts (Lair:6)
  11 crocodiles
  6 big kobolds
  17 bullfrogs
  3 gnoll sergeants (D:12)
  A wyvern zombie (D:11)
  3 water moccasin zombies (Ossuary)
  7 scorpions
  A wyvern skeleton (D:12)
  A hornet simulacrum (D:14)
  9 killer bees
  6 electric eels
  7 wights
  A howler monkey (D:5)
  A bullfrog zombie (D:9)
  3 quasits
  5 crimson imps
  11 hounds
  A wyvern simulacrum (D:14)
  Crazy Yiuf (D:3)
  4 jellies
  21 orc wizards
  5 orc priests
  2 bullfrog skeletons
  Terence (D:3)
  4 iguanas
  10 worker ants
  3 big kobold zombies (Ossuary)
  2 hound skeletons
  2 mummies (Ossuary)
  A howler monkey zombie (D:5)
  2 worker ant zombies
  Robin (D:3)
  8 gnolls
  14 adders
  A howler monkey skeleton (D:6)
  5 shadow imps
  4 white imps
  3 adder skeletons
  8 adder zombies (Ossuary)
  9 worms
  2 dart slugs
  8 leopard geckos
  57 orcs
  3 ball pythons
  11 bats
  6 giant cockroaches
  4 gnoll zombies (Ossuary)
  19 goblins
  8 hobgoblins
  8 jackals
  7 quokkas
  3 frilled lizards
  5 hobgoblin zombies (Ossuary)
  13 kobolds
  4 kobold zombies (Ossuary)
  2 leopard gecko zombies (D:5)
  5 orc zombies (Ossuary)
  4 rats
  A plant (D:9)
771 creatures vanquished.

Vanquished Creatures (collateral kills)
  A storm dragon (D:15)
  2 vault guards (D:14)
  A two-headed ogre (D:15)
  An orc knight (D:15)
  A deep elf mage (D:15)
  An efreet (D:15)
  2 fire bats (Volcano)
  2 orc warriors (D:15)
  6 lava snakes (Volcano)
  An orc priest (D:15)
  A gnoll (D:12)
  3 orcs (D:15)
22 creatures vanquished.

Vanquished Creatures (others)
  A yak (Lair:2)
  An electric eel (D:14)
  A crimson imp (D:13)
  4 fungi
7 creatures vanquished.

Grand Total: 800 creatures vanquished

Notes
Turn   | Place    | Note
-------+----------+-------------------------------------------
     0 | D:1      | HallandMoats the Demonspawn Fighter began the quest for the Orb.
     0 | D:1      | Reached XP level 1. HP: 18/18 MP: 1/1
    77 | D:1      | Gained mutation: You are partially covered in sharp spines. [demonic ancestry]
    77 | D:1      | Reached XP level 2. HP: 14/24 MP: 2/2
   467 | D:1      | Gained mutation: When hurt, damage is shared between your health and your magic reserves. [demonic ancestry]
   467 | D:1      | Reached XP level 3. HP: 29/29 MP: 3/3
   785 | D:1      | Reached skill level 1 in Dodging
  1086 | D:2      | Found a sparkling altar of Nemelex Xobeh.
  1097 | D:2      | Gained mutation: You have a pair of small horns on your head. [demonic ancestry]
  1097 | D:2      | Reached XP level 4. HP: 35/35 MP: 4/4
  1509 | D:3      | Noticed Terence
  1535 | D:3      | Killed Terence
  1535 | D:3      | Gained mutation: You have a pair of horns on your head. [demonic ancestry]
  1535 | D:3      | Reached XP level 5. HP: 14/42 MP: 2/5
  1796 | D:3      | Noticed Robin
  1813 | D:3      | Killed Robin
  1932 | D:3      | Reached skill level 4 in Fighting
  2027 | D:3      | Found a radiant altar of Vehumet.
  2027 | D:3      | Found a faded altar of an unknown god.
  2032 | D:3      | Found an opulent altar of Gozag.
  2034 | D:3      | Found a shadowy altar of Dithmenos.
  2036 | D:3      | Found a shattered altar of Ashenzari.
  2260 | D:3      | Gained mutation: You are mostly covered in sharp spines. [demonic ancestry]
  2260 | D:3      | Reached XP level 6. HP: 48/48 MP: 6/6
  2305 | D:3      | Found a runed door.
  2515 | D:3      | Noticed Crazy Yiuf
  2522 | D:3      | Killed Crazy Yiuf
  3223 | D:4      | Found Ebepagh's Gadget Emporium.
  3412 | D:4      | Reached XP level 7. HP: 48/55 MP: 4/7
  3601 | D:5      | Entered Level 5 of the Dungeon
  3605 | D:5      | Found a sand-covered staircase.
  3608 | Ossuary  | Entered an ossuary
  4021 | D:5      | Reached skill level 5 in Armour
  4085 | D:5      | Reached skill level 5 in Fighting
  4088 | D:5      | Reached XP level 8. HP: 48/62 MP: 8/8
  4333 | D:5      | Found a blossoming altar of Fedhas.
  4749 | D:6      | Reached skill level 5 in Axes
  4915 | D:6      | Reached skill level 6 in Fighting
  5197 | D:6      | Noticed araganzar's ghost (novice BaSk)
  5238 | D:6      | Killed araganzar's ghost
  5238 | D:6      | Reached XP level 9. HP: 54/71 MP: 7/9
  5447 | D:6      | Reached skill level 5 in Dodging
  5536 | D:7      | Found a staircase to the Ecumenical Temple.
  5587 | Temple   | Entered the Ecumenical Temple
  5770 | Temple   | Became a worshipper of Makhleb the Destroyer
  5861 | D:7      | Reached skill level 7 in Fighting
  6164 | D:7      | Reached * piety under Makhleb
  6552 | D:8      | Noticed a two-headed ogre
  6557 | D:8      | Killed a two-headed ogre
  6557 | D:8      | Reached skill level 1 in Stealth
  6557 | D:8      | Reached skill level 1 in Invocations
  6557 | D:8      | Reached skill level 1 in Evocations
  6557 | D:8      | Gained mutation: You are partially covered in slimy green scales. (AC +2) [demonic ancestry]
  6557 | D:8      | Reached XP level 10. HP: 39/79 MP: 3/11
  6820 | D:8      | Got a twisted scale mail
  6852 | D:8      | Identified the cursed +1 scale mail "Tol Ami" {+Blink} (You found it on level 8 of the Dungeon)
  7146 | D:8      | Noticed Grum
  7148 | D:8      | Noticed Psyche
  7156 | D:8      | Killed Psyche
  7158 | D:8      | Killed Grum
  7200 | D:8      | Noticed Maurice
  7200 | D:8      | Noticed a two-headed ogre
  7207 | D:8      | Killed a two-headed ogre
  7207 | D:8      | Reached skill level 8 in Fighting
  7216 | D:8      | Killed Maurice
  7525 | D:8      | Gained mutation: Your flesh is cold resistant. (rC+) [mutagenic meat]
  7526 | D:8      | Gained mutation: You passively map a small area around you. [mutagenic meat]
  7692 | D:8      | Reached ** piety under Makhleb
  8073 | D:9      | Reached XP level 11. HP: 78/87 MP: 10/14
  8096 | D:9      | Noticed a three-headed hydra
  8107 | D:9      | Got an ichor-stained halberd
  8175 | D:9      | Identified the +11 halberd of the Hero {chop, Int+4 Dex+2} (You found it on level 9 of the Dungeon)
  8178 | D:9      | Killed a six-headed hydra
  8643 | D:9      | Noticed Pikel
  8654 | D:9      | Killed Pikel
  8785 | D:10     | Entered Level 10 of the Dungeon
  8997 | D:10     | Reached skill level 1 in Polearms
  9099 | D:10     | Reached skill level 5 in Invocations
  9810 | D:11     | Reached *** piety under Makhleb
  9821 | D:11     | Reached skill level 9 in Fighting
  9871 | D:11     | Got a slimy dagger
  9923 | D:11     | Found Ulloahee's Food Boutique.
  9942 | D:11     | Identified the +2 dagger of Diet Blood {flame, *Contam +Rage +Fly Str+3} (You found it on level 11 of the Dungeon)
  9999 | D:11     | Gained mutation: You are clumsy. (Dex -2) [mutagenic glow]
 10300 | D:11     | Found a staircase to the Lair.
 10323 | D:11     | Noticed Harold
 10866 | D:11     | Killed Harold
 11112 | D:11     | Found a portal to a secret trove of treasure.
 11211 | D:12     | Found a labyrinth entrance.
 11284 | Lab      | Entered a labyrinth
 11391 | Lab      | Reached XP level 12. HP: 95/95 MP: 16/16
 11405 | Lab      | Reached **** piety under Makhleb
 11780 | Lab      | Gained mutation: Scrolls take you a little longer to read. [potion of mutation]
 11780 | Lab      | Gained mutation: Your magical capacity is low. (-10% MP) [potion of mutation]
 11781 | Lab      | Gained mutation: You passively map the area around you. [potion of mutation]
 11781 | Lab      | Gained mutation: You are very clumsy. (Dex -4) [potion of mutation]
 11791 | Lab      | Noticed a minotaur
 11796 | Lab      | Killed a minotaur
 12156 | D:12     | Noticed Nergalle
 12174 | D:12     | Killed Nergalle
 13146 | D:12     | Noticed Urug
 13160 | D:12     | Killed Urug
 13480 | D:12     | Found a staircase to the Orcish Mines.
 13603 | D:12     | Noticed a two-headed ogre
 13611 | D:12     | Killed a two-headed ogre
 13749 | D:13     | Reached skill level 10 in Fighting
 13902 | D:13     | Noticed a rakshasa
 13930 | D:13     | Killed a rakshasa
 14095 | D:13     | Reached skill level 5 in Evocations
 14286 | D:13     | Noticed Erolcha
 14296 | D:13     | Killed Erolcha
 14311 | D:13     | Gained mutation: You are mostly covered in slimy green scales. (AC +3) [demonic ancestry]
 14311 | D:13     | Reached XP level 13. HP: 99/103 MP: 12/16
 14330 | D:13     | Learned a level 1 spell: Magic Dart
 14365 | D:13     | Reached ***** piety under Makhleb
 15064 | D:13     | Reached skill level 5 in Polearms
 15102 | D:13     | Gained mutation: Armour fits poorly on your strangely shaped body. [mutagenic meat]
 15248 | D:14     | Reached skill level 10 in Armour
 15295 | D:14     | Found Loir's Armour Shop.
 15372 | D:14     | Found a gate to the Vaults.
 15383 | D:14     | Reached skill level 5 in Stealth
 15666 | D:14     | Found a sacrificial altar of Ru.
 15865 | D:14     | Lost mutation: Scrolls take you a little longer to read. [mutagenic meat]
 15866 | D:14     | Gained mutation: You tend to lose your temper in combat. [mutagenic meat]
 15867 | D:14     | Gained mutation: Your flesh is very cold resistant. (rC++) [mutagenic meat]
 15868 | D:14     | Lost mutation: You are very clumsy. (Dex -4) [mutagenic meat]
 15869 | D:14     | Gained mutation: Your flesh is heat resistant. (rF+) [mutagenic meat]
 15871 | D:14     | Lost mutation: You tend to lose your temper in combat. [mutagenic meat]
 16087 | D:14     | Reached skill level 11 in Fighting
 16425 | D:15     | Entered Level 15 of the Dungeon
 16600 | D:15     | Reached XP level 14. HP: 113/113 MP: 16/18
 16930 | D:15     | Paralysed by a wizard for 4 turns
 17131 | D:15     | Found a staircase to the Depths.
 17266 | D:15     | Reached skill level 10 in Dodging
 17753 | D:15     | Noticed a green very ugly thing
 17764 | D:15     | Killed a green very ugly thing
 17946 | D:15     | Found a large runed door.
 17947 | D:15     | Found a large runed door.
 18035 | D:15     | Found a deep blue altar of Sif Muna.
 18035 | D:15     | Noticed a storm dragon
 18204 | D:15     | Noticed an Executioner
 18256 | D:15     | Noticed a balrug
 18631 | D:15     | Killed a storm dragon
 18632 | D:15     | Found a hide-covered altar of Uskayaw.
 18744 | Lair:1   | Entered Level 1 of the Lair of Beasts
 19175 | Lair:1   | Got a smoking morningstar
 19176 | Lair:1   | Identified the +6 morningstar "Moucu" {drain, Fragile +Blink Int+7} (You found it on level 1 of the Lair of Beasts)
 19337 | Lair:1   | Noticed Gastronok
 19349 | Lair:1   | Killed Gastronok
 19650 | Lair:2   | Noticed Vinniefish's ghost (journeyman TrMo)
 19661 | Lair:2   | Killed Vinniefish's ghost
 19919 | Lair:2   | Reached skill level 12 in Fighting
 19974 | Lair:2   | Reached ****** piety under Makhleb
 19981 | Lair:2   | Gained mutation: You are completely covered in slimy green scales. (AC +4, rPois) [demonic ancestry]
 19981 | Lair:2   | Reached XP level 15. HP: 120/120 MP: 15/19
 20714 | Lair:3   | Found a glowing silver altar of Zin.
 21443 | Lair:4   | Found a hole to the Spider Nest.
 21610 | Lair:4   | Found a staircase to the Shoals.
 21907 | Lair:5   | Found a runed door.
 21907 | Lair:5   | Found a viscous altar of Jiyva.
 21907 | Lair:5   | Found a staircase to the Slime Pits.
 21907 | Lair:5   | Noticed an acid blob
 21913 | Lair:5   | Killed an acid blob
 22043 | Lair:5   | Reached skill level 10 in Invocations
 22648 | Lair:6   | Entered Level 6 of the Lair of Beasts
 22702 | Lair:6   | Lost mutation: Your magical capacity is low. (-10% MP) [potion of cure mutation]
 22702 | Lair:6   | Lost mutation: Armour fits poorly on your strangely shaped body. [potion of cure mutation]
 22702 | Lair:6   | Lost mutation: Your flesh is very cold resistant. (rC++) [potion of cure mutation]
 22702 | Lair:6   | Lost mutation: You are clumsy. (Dex -2) [potion of cure mutation]
 22702 | Lair:6   | Lost mutation: You passively map the area around you. [potion of cure mutation]
 22702 | Lair:6   | Lost mutation: Your flesh is heat resistant. (rF+) [potion of cure mutation]
 22702 | Lair:6   | Lost mutation: Your flesh is cold resistant. (rC+) [potion of cure mutation]
 23980 | D:14     | Bought the cursed +0 pair of boots "Nekiabokk" {MR++ rCorr} for 360 gold pieces
 24045 | Orc:1    | Entered Level 1 of the Orcish Mines
 24085 | Orc:1    | Found a dark tunnel.
 24092 | Volcano  | Entered a volcano
 24247 | Volcano  | Reached skill level 10 in Axes
 24269 | Volcano  | HP: 6/122 [ice devil[an obsidian statue] (7)]
 24271 | Volcano  | Mangled by an ice devil

Vault maps used:
D:1:      dpeg_arrival_shelter
D:2:      nemelex_diamond_rough_becter
D:3:      chequers_temple_overflow_minitemple, uniq_terence,
          uniq_crazy_yiuf_cottage, uniq_robin
D:4:      kennysheep_windowed_goal
D:5:      enter_ossuary_2, first_bread, minmay_ruined_shrine
D:6:      minivault_25, minmay_holes
D:7:      minmay_flawed_box
D:8:      uniq_maurice, uniq_psyche, uniq_grum
D:9:      hangedman_ranch, uniq_pikel
D:11:     lair_entry_dummy, nicolae_trove_entry_diagonal, serial_shops,
          kennysheep_little_box, uniq_harold
D:12:     kennysheep_orc_monster_closet_entryway, lab_entry_generic,
          minivault_16, kennysheep_boxes, uniq_urug, uniq_nergalle
D:13:     uniq_erolcha
D:14:     erik_vaults_2, serial_ice, serial_ice_j, serial_ice_b, serial_ice_f,
          serial_ice_h, serial_ice_o, serial_ice_a, serial_ice_g, serial_ice_d,
          serial_ice_e, serial_ice_c, serial_bayou_pond_e, serial_shops,
          kennysheep_mini, dk_noncrumbling_3, hangedman_ru_absence
D:15:     grunt_enter_depths_magical_seal, jmf_multi_god_temple2
Temple:   minmay_crystal_spiral_temple
Lair:1:   serial_bayou_shore_a, uniq_gastronok
Lair:2:   beast_lair_carwin_4
Lair:3:   lemuel_oklob_altar, lemuel_fruit_tree
Lair:4:   elwin_shoals_entry_rooms, nicolae_spider_entry_non_spiders,
          minivault_27
Lair:5:   slime_altar_2, grunt_megastairs_5, lemuel_fruit_fields
Lair:6:   minmay_lair_end_enchanted_forest, lookout_lair_type,
          grunt_megastairs_2, infiniplex_staircase_pool
Orc:1:    enter_volcano_1
Lab:      labyrinth_watery, labyrinth_skeletal_remains, lab_fountain, lab_hedge,
          nicolae_lab_very_dead_end, labyrinth_glass_1, nicolae_lab_x,
          nicolae_lab_dead_end, nicolae_lab_do_over, nicolae_lab_swirl
Ossuary:  ossuary_tomb_2
Volcano:  volcano_grotto

Skill      XL: |  1  2  3  4  5  6  7  8  9 10 11 12 13 14 15 |
---------------+----------------------------------------------+-----
Axes           | 2 3 4 5 6 7 8 9 10 | 10.0
Armour         | 3 4 5 6 7 8 9 10 11 | 11.9
Dodging        | 1 2 3 4 5 6 7 8 9 10 11 | 11.2
Shields        | 3 4 |  4.6
Fighting       | 4 5 6 7 8 9 10 11 12 | 12.8
Stealth        | 1 2 3 4 5 6 7 |  7.2
Invocations    | 1 4 5 7 8 9 10 | 10.9
Evocations     | 1 2 4 5 6 7 |  7.8
Polearms       | 2 4 6 7 8 |  8.7

Action                   |  1- 3 |  4- 6 |  7- 9 | 10-12 | 13-15 || total
-------------------------+-------+-------+-------+-------+-------++-------
Melee: War axe           |    84 |    15 |       |       |       ||    99
       Hand axe          |       |   174 |   317 |   375 |   244 ||  1110
       Headbutt          |       |    33 |    85 |   121 |   250 ||   489
       Halberd           |       |       |       |   222 |   704 ||   926
       Scimitar          |       |       |       |       |     9 ||     9
Invok: Lesser Servant of |       |       |       |     1 |       ||     1
       Greater Servant o |       |       |       |       |    10 ||    10
Evoke: Wand              |       |       |       |       |    11 ||    11
  Use: Potion            |       |     1 |     1 |    20 |    13 ||    35
       Scroll            |       |     4 |     6 |     5 |    29 ||    44
 Stab: Sleeping          |       |       |       |     5 |     3 ||     8
       Distracted        |       |       |       |     2 |     2 ||     4
       Petrified         |       |       |       |       |     5 ||     5
  Eat: Chunk             |       |     7 |    12 |    21 |    19 ||    59
       Beef jerky        |       |       |       |     3 |     3 ||     6
       Fruit             |       |       |       |    10 |    16 ||    26
       Royal jelly       |       |       |       |       |     2 ||     2
Armor: Scale mail        |    57 |    27 |       |   142 |       ||   226
       Plate armour      |       |    45 |   191 |     9 |       ||   245
       Leather armour    |       |       |       |    36 |       ||    36
       Troll leather arm |       |       |       |    16 |    25 ||    41
       Chain mail        |       |       |       |       |   460 ||   460
Dodge: Dodged            |    23 |    43 |    79 |   392 |   752 ||  1289
Block: Shield            |    60 |    91 |     2 |       |       ||   153
       Buckler           |       |       |    57 |   100 |    45 ||   202
       Rpst.: Scimitar   |       |       |       |       |     5 ||     5
